 Dungeon Crawl Stone Soup version 0.30-b1-2-g02819fbbbe (webtiles) character file.

Game seed: 526445268124084365

39 raph the Shooter (level 3, -1/30 HPs)
             Began as a Minotaur Hunter on May 10, 2023.
             Slain by an adder (3 damage)
             ... on level 2 of the Dungeon.
             The game lasted 00:01:49 (715 turns).

raph the Shooter (Minotaur Hunter)                   Turns: 715, Time: 00:01:50

Health: -1/30      AC:  3    Str: 15    XL:     3   Next: 26%
Magic:  2/2        EV: 12    Int:  6    God:
Gold:   67         SH:  0    Dex: 15    Spells: 2/2 levels left

rFire   . . .        b - +0 rapier
rCold   + . .        (no shield)
rNeg    . . .        c - +0 leather armour
rPois   .            (helmet restricted)
rElec   .            (no cloak)
rCorr   .            (no gloves)
SInv    .            (no boots)
Will    .....        (no amulet)
Stlth   +            i - ring of protection from cold
HPRegen 0.25/turn    (no ring)
MPRegen 0.08/turn

%: no passive effects
@: hasted, very quick
A: horns 2, retaliatory headbutt
a: no special abilities


You were on level 2 of the Dungeon.
You visited 1 branch of the dungeon, and saw 2 of its levels.

You collected 67 gold pieces.

Inventory:

Hand Weapons
 a - a +0 shortbow
 b - a +0 rapier (weapon)
Armour
 c - a +0 leather armour (worn)
Jewellery
 i - a ring of protection from cold (left hand)
Scrolls
 d - a scroll of magic mapping {unknown}
 h - a scroll of immolation
 j - a scroll of identify {unknown}
 n - a scroll of teleportation {unknown}
Potions
 e - a potion of cancellation {unknown}
 f - a potion of haste
 g - a potion of heal wounds {unknown}
 k - a potion of ambrosia {unknown}
 l - a potion of resistance {unknown}
 m - a potion of mutation {unknown}


   Skills:
 - Level 2.4 Fighting
 + Level 5.7 Ranged Weapons
 - Level 2.1 Dodging
 - Level 0.7 Stealth


You had 2 spell levels left.
You didn't know any spells.
Your spell library contained the following spells:

 Spells                   Type           Power      Damage    Failure   Level
 Ignite Poison            Fire/Tmut/Pois 0%         N/A       88%         3
 Sticky Flame             Conj/Fire      0%         2d3       99%         4
 Ignition                 Fire           0%         3d3       100%        8


Dungeon Overview and Level Annotations

Branches:
Dungeon (2/15)

Altars:


Innate Abilities, Weirdness & Mutations

You have a pair of horns on your head.
You reflexively headbutt those who attack you in melee.


Message History

You hit the adder.
You kill the adder!
You feel sick. The bat hits you.
A worm comes into view.
You feel sick.
You feel sick.
You start resting.
You feel sick. x2
A bat is nearby!
You closely miss the bat.
You feel sick.
You are no longer poisoned.
The bat hits you.
* * * LOW HITPOINT WARNING * * *
The bat closely misses you.
a - a +0 shortbow (weapon)
You start resting.
The bat barely misses you. You furiously retaliate!
You headbutt the bat.
You kill the bat!
You start resting.
A worm is nearby!
Found 16 gold pieces.
An adder comes into view.
The adder hisses angrily.
The adder attacks as you move away! The adder bites you. The adder bites you.
You are poisoned.
The adder poisons you!
You feel sick.
b - a +0 rapier (weapon)
The adder bites you but does no damage.
You hit the adder. Your headbutt misses the adder.
The adder is lightly wounded.
You feel sick. The adder bites you.
* * * LOW HITPOINT WARNING * * *
You miss the adder.
The adder is lightly wounded.
You feel sick. The adder barely misses you. The adder closely misses you.
It was a potion of haste.
You feel yourself speed up.
You feel sick.
You are no longer poisoned.
The adder bites you.
You die...

#.######......##.....#
#...## ####.#.##.....##
###..# #.#.##......# ##.#
#.#..#......## # #.###
#.##w#........ # #...#
#.##.......# ### ###.##
#.####..$..### ..#
#..###.####w....... #.#
##..##.#.@S......##
..########.#..#.#######...
#†....)###.<....# ##
#............####
#####.......## #.....#...#
#.###(.....# #†#
####...... #.# ###.....


You could see a worm and an adder.

Vanquished Creatures
  2 adders (D:2)
  3 endoplasms (D:1)
  3 hobgoblins
  2 quokkas
  3 ball pythons (D:1)
  3 bats
  3 kobolds (D:1)
  2 rats (D:1)
21 creatures vanquished.

Notes
Turn   | Place    | Note
-------+----------+-------------------------------------------
     0 | D:1      | raph the Minotaur Hunter began the quest for the Orb.
     0 | D:1      | Reached XP level 1. HP: 18/18 MP: 0/0
   261 | D:1      | Reached XP level 2. HP: 24/25 MP: 1/1
   267 | D:1      | Reached skill level 5 in Ranged Weapons
   585 | D:2      | Reached XP level 3. HP: 29/30 MP: 2/2
   715 | D:2      | Slain by an adder

Illustrated notes

Levels and vault maps discovered:
D:1:      psy_arrival_basics, layout_rooms
D:2:      layout_rooms, basic_ecumenical_altar

Skill      XL: |  1  2 |
---------------+-------+-----
Ranged Weapons | 5 |  5.7
Fighting       | |  2.4
Dodging        | |  2.1
Stealth        | |  0.7

Action                     || total
---------------------------++-------
  Melee: Whip              ||     2
         Rapier            ||    16
   Fire: Shortbow          ||    45
    Use: Potion            ||     1
 Armour: Leather armour    ||     8
  Dodge: Dodged            ||    18
